 Dungeon Crawl Stone Soup version 0.32-a0-7-ge934b4519a (webtiles) character file.

Game seed: 656319275702116976

3 timneilson the Ruffian (level 1, -2/13 HPs)
             Began as an Octopode Shapeshifter on Jan 13, 2024.
             Slain by a gnoll
             ... wielding a +0 heavy flail
              (13 damage)
             ... on level 1 of the Dungeon.
             The game lasted 00:00:23 (156 turns).

timneilson the Ruffian (Octopode Shapeshifter)       Turns: 156, Time: 00:00:23

Health: -2/13      AC:  1    Str: 13    XL:     1   Next: 50%
Magic:  1/1        EV: 13    Int: 12    God:
Gold:   7          SH:  0    Dex: 11    Spells: 0/0 levels left

rFire   . .          .
                       - Unarmed
rCold   . . .        (no shield)
rNeg    . . .        (helmet currently unavailable)
rPois   .            (no amulet)
rElec   .            (no ring)
rCorr   .            (no ring)
SInv    .            (no ring)
Will    .....        (no ring)
Stlth   ++           (no ring)
HPRegen 0.22/turn    (no ring)
MPRegen 0.07/turn    (no ring)
                     (no ring)

%: no passive effects
@: beast-form
A: beast (slay +1), almost no armour, amphibious, 8 rings, camouflage 1,
gelatinous body 1, (nimble swimmer 1), tentacles
a: Begin Untransformation


You were on level 1 of the Dungeon.
You were a hulking beast.
You visited 1 branch of the dungeon, and saw 1 of its levels.

You collected 7 gold pieces.

Inventory:

Talismans
 b - a beast talisman
 c - a flux talisman
Potions
 a - a potion of lignification


   Skills:
 * Level 1.1 Fighting
 * Level 2.0 Dodging
 + Level 0.2 Stealth
 * Level 3.0 Unarmed Combat
 * Level 3.0 Shapeshifting


You couldn't memorise any spells.
You didn't know any spells.
Your spell library was empty.

Dungeon Overview and Level Annotations

Branches:
Dungeon (1/15)

Altars:


Innate Abilities, Weirdness & Mutations

You are a hulking beast.
Your limbs bulge with bestial killing power. (Slay +1)
You cannot wear most types of armour.
You are amphibious.
You can wear up to eight rings at the same time.
Your skin changes colour to match your surroundings (Stealth+).
Your rubbery body absorbs attacks. (AC +1, EV +1)
((You are camouflaged when in or above water. (Stealth+)))
You have tentacles for arms and can constrict up to eight enemies at once.


Message History

You bludgeon the endoplasm!
You kill the endoplasm!
As you open the door, it creaks loudly!
There is an open door here.
Found a stone staircase leading down.
There is a stone staircase leading down here.
A ball python comes into view.
An endoplasm and a bat come into view.
A gnoll comes into view. It is wielding a +0 heavy flail.
The gnoll shouts!
The gnoll moves out of view.
The bat closely misses you.
The endoplasm quivers.
The bat hits you but does no damage. The bat hits you. The bat hits you.
You closely miss the bat. Your grab misses the bat.
Your squeeze misses the bat. The bat barely misses you.
You tentacle-slap the bat. Your grab misses the bat.
The bat is moderately wounded.
The bat closely misses you.
You tentacle-slap the bat. Your grab misses the bat.
The bat is severely wounded.
The bat hits you. x2
You barely miss the bat. Your grab misses the bat.
The bat is severely wounded.
The bat closely misses you. The bat hits you but does no damage. x2
You tentacle-slap the bat but do no damage.
You grab the bat.
The bat is severely wounded.
You constrict the bat.
You kill the bat!
You barely miss the gnoll. Your grab misses the gnoll.
The gnoll completely misses you.
You tentacle-slap the gnoll. You grab the gnoll.
The gnoll is lightly wounded.
You constrict the gnoll, but do no damage.
The gnoll hits you with a +0 heavy flail!
Ouch! That really hurt!
You die...

..... #.#.# ##.#.
#.# #.#.# ... #J#
#.#.# ### #.# #.#.#
... #.#.###>#.# ###
#.#.......###
#.#####.....#
########.#######.###
...........Jgh....#
######...#######..#
.......# #..#
.......## #..#
........+ ...#
........# ##.#
........# .#
........# .#


You could see a gnoll and an endoplasm.

Vanquished Creatures
  A ball python (D:1)
  An endoplasm (D:1)
  A bat (D:1)
3 creatures vanquished.

Notes
Turn   | Place    | Note
-------+----------+-------------------------------------------
     0 | D:1      | timneilson the Octopode Shapeshifter began the quest for
                  | the Orb.
     0 | D:1      | Reached XP level 1. HP: 13/13 MP: 1/1
   156 | D:1      | Slain by a gnoll

Illustrated notes

Levels and vault maps discovered:
D:1:      sevenhm_arrival_forest_fort_small_4, layout_basic

Action                     || total
---------------------------++-------
  Melee: Unarmed           ||    10
         Constrict         ||     3
   Stab: Sleeping          ||     1
 Armour: Skin              ||     9
  Dodge: Dodged            ||     9

Table legend: (Time is in decaauts)
 A = Elapsed time spent in this place.
 B = Non-inter-level travel time spent in this place.
 C = Inter-level travel time spent in this place.
 D = Time resting spent in this place.
 E = Time spent auto-exploring this place.
 F = Levels seen in this place.
 G = Mean time per level.
                   A        B        C        D        E       F      G
               +--------+--------+--------+--------+--------+-----+--------+
         Total |    155 |    155 |      0 |      0 |    111 |   1 |  155.0 |
       Dungeon |    155 |    155 |      0 |      0 |    111 |   1 |  155.0 |
               +--------+--------+--------+--------+--------+-----+--------+

Top non-repeatable levels by time:
     D:1: 155 daAuts
